 Dungeon Crawl Stone Soup version 0.30-a0-358-g0d69a1922f (webtiles) character file.

Game seed: 3106858231779342319

66 Tef the Shield-Bearer (level 4, -8/35 HPs)
             Began as a Formicid Fighter on Nov 10, 2022.
             Mangled by a gnoll
             ... wielding a +0 flail
              (11 damage)
             ... on level 2 of the Dungeon.
             The game lasted 00:01:55 (894 turns).

Tef the Shield-Bearer (Formicid Fighter)             Turns: 894, Time: 00:01:56

Health: -8/35      AC:  7    Str: 23    XL:     4   Next: 37%
Magic:  4/4        EV:  9    Int:  7    God:
Gold:   65         SH:  5    Dex: 13    Spells: 3/3 levels left

rFire   . . .      SeeInvis +    a - +0 war axe
rCold   . . .      Faith    .    c - +0 buckler
rNeg    . . .      Spirit   .    b - +0 scale mail
rPois   .          Reflect  .    (helmet unavailable)
rElec   .          Harm     .    (no cloak)
rCorr   .          Rampage  .    (no gloves)
Will    .....                    (no boots)
Stlth   ..........               (no amulet)
HPRegen 0.25/turn                (no ring)
MPRegen 0.09/turn                (no ring)

@: no status effects
A: permanent stasis, dig shafts and tunnels, antennae 3, four strong arms
a: Dig, Shaft Self


You were on level 2 of the Dungeon.
You visited 1 branch of the dungeon, and saw 2 of its levels.

You collected 65 gold pieces.

Inventory:

Hand Weapons
 a - a +0 war axe (weapon)
Armour
 b - a +0 scale mail (worn)
 c - a +0 buckler (worn)
Scrolls
 g - a scroll of enchant armour {unknown}
 h - a scroll of enchant weapon {unknown}
 i - a scroll of magic mapping {unknown}
Potions
 d - 2 potions of might
 e - a potion of brilliance {unknown}
 f - a potion of mutation {unknown}
 j - 2 potions of lignification {unknown}


   Skills:
 - Level 3.2 Fighting
 + Level 3.1 Axes
 + Level 3.9 Armour
 + Level 0.2 Dodging
 + Level 4.8 Shields


You had 3 spell levels left.
You didn't know any spells.
Your spell library was empty.

Dungeon Overview and Level Annotations

Branches:
Dungeon (2/15)

Altars:


Innate Abilities, Weirdness & Mutations

You cannot be hasted, slowed, berserked, paralysed or teleported.
You can dig through walls and to a lower floor.
You have a pair of large antennae on your head. (SInv)
Your four strong arms can wield two-handed weapons with a shield.


Message History

The dart slug launches a dart at you. The slug dart misses you.
You slash the dart slug!
You kill the dart slug!
Your Axes skill increases to level 3!
No target in view!
j - 2 murky yellow potions A gnoll comes into view.
It is wielding a +0 flail.
The gnoll shouts!
There are monsters nearby!
The gnoll shouts! x2
You slash the gnoll!
The gnoll is severely wounded.
The gnoll closely misses you. The gnoll hits you but does no damage.
You barely miss the gnoll.
The gnoll is severely wounded.
The gnoll hits you with a +0 flail.
You barely miss the gnoll.
The gnoll is severely wounded.
You hit the gnoll.
The gnoll is severely wounded.
You slash the gnoll! You block the gnoll's attack. x2
The gnoll hits you but does no damage. The gnoll barely misses you.
The gnoll closely misses you. The gnoll hits you with a +0 club!
You hit the gnoll.
You kill the gnoll!
You barely miss the gnoll.
The gnoll hits you but does no damage. x2
You block the gnoll's attack. The gnoll attacks as you move away!
The gnoll hits you with a +0 flail! The gnoll attacks as you move away!
The gnoll hits you with a +0 flail. The gnoll attacks as you move away!
The gnoll hits you with a +0 flail. The gnoll attacks as you move away!
The gnoll hits you but does no damage.
Things that are here:
a +0 dagger; a +0 club The gnoll attacks as you move away!
The gnoll hits you with a +0 flail.
* * * LOW HITPOINT WARNING * * *
The gnoll attacks as you move away! The gnoll hits you with a +0 flail.
* * * LOW HITPOINT WARNING * * *
The gnoll attacks as you move away! The gnoll hits you with a +0 flail!
You die...

#...###### #...# #..[#
#...# ##.## #)# ###g#
#####<#g####
#####.....@....###
####.........##.....#
#.......#.#####.....######
#.##.#.###.####......)...#
#.##..## ##........>####.#
#.##...###>###......#....#
#.###)#.#.#...[...###.####
#........##.......# #.#
#.#.#<#..##(.....[# #.#


You could see 2 gnolls.

Vanquished Creatures
  2 gnolls
  An adder (D:2)
  2 dart slugs (D:2)
  5 bats
  2 endoplasms (D:1)
  A giant cockroach (D:1)
  5 goblins
  A hobgoblin (D:1)
  4 jackals (D:1)
  A quokka (D:1)
  4 ball pythons
  3 kobolds
31 creatures vanquished.

Notes
Turn   | Place    | Note
-------+----------+-------------------------------------------
     0 | D:1      | Tef the Formicid Fighter began the quest for the Orb.
     0 | D:1      | Reached XP level 1. HP: 18/18 MP: 1/1
   145 | D:1      | Reached XP level 2. HP: 23/24 MP: 2/2
   384 | D:1      | Reached XP level 3. HP: 17/29 MP: 3/3
   767 | D:2      | Reached XP level 4. HP: 35/35 MP: 4/4
   894 | D:2      | Mangled by a gnoll

Illustrated notes

Levels and vault maps discovered:
D:1:      dpeg_arrival_oval, layout_rooms
D:2:      layout_loops_cross

Skill      XL: |  1  2  3  4 |
---------------+-------------+-----
Axes           | 3 |  3.1
Fighting       | |  3.2
Armour         | |  3.9
Dodging        | |  0.2
Shields        | |  4.8

Action                   |  1- 3 |  4- 6 || total
-------------------------+-------+-------++-------
Melee: War axe           |    73 |    20 ||    93
Armor: Scale mail        |    30 |    10 ||    40
Dodge: Dodged            |    40 |     7 ||    47
Block: Buckler           |    34 |     3 ||    37

Table legend: (Time is in decaauts)
 A = Elapsed time spent in this place.
 B = Non-inter-level travel time spent in this place.
 C = Inter-level travel time spent in this place.
 D = Time resting spent in this place.
 E = Time spent auto-exploring this place.
 F = Levels seen in this place.
 G = Mean time per level.
                   A        B        C        D        E       F      G
               +--------+--------+--------+--------+--------+-----+--------+
         Total |    931 |    892 |     39 |     20 |    613 |   2 |  465.5 |
       Dungeon |    931 |    892 |     39 |     20 |    613 |   2 |  465.5 |
               +--------+--------+--------+--------+--------+-----+--------+

Top non-repeatable levels by time:
     D:1: 656 daAuts
     D:2: 275 daAuts
